 Dungeon Crawl Stone Soup version 0.28-b1-25-g9875b3fc8c (webtiles) character file.

Game seed: 178538153446517736

731 mcbry74 the Grappler (level 7, -4/62 HPs)
             Began as a Troll Gladiator on Jan 31, 2022.
             Slain by a troll (10 damage)
             ... on level 5 of the Dungeon.
             The game lasted 00:09:19 (3348 turns).

mcbry74 the Grappler (Troll Gladiator)              Turns: 3348, Time: 00:09:20

Health: -4/62      AC:  5    Str: 23    XL:     7   Next: 45%
Magic:  6/6        EV: 10    Int:  6    God:
Gold:   213        SH:  0    Dex: 11    Spells: 6/6 levels left

rFire   . . .      SeeInvis .     - Unarmed
rCold   . . .      Faith    .   (no shield)
rNeg    . . .      Spirit   .   a - +0 robe
rPois   .          Reflect  .   b - +0 hat
rElec   .          Harm     .   f - +0 cloak
rCorr   .          Rampage  .   (gloves unavailable)
Will    .....                   (boots unavailable)
Stlth   +.........              B - amulet of the acrobat
HPRegen 1.00/turn               (no ring)
MPRegen 0.10/turn               (no ring)

@: no status effects
A: large, unfitting armour, claws 3, regeneration 1, shaggy fur 1, tough skin 1
a: no special abilities


You were on level 5 of the Dungeon.
You visited 1 branch of the dungeon, and saw 5 of its levels.

You collected 213 gold pieces.

Inventory:

Hand Weapons
 j - a +4 dagger
 o - a +0 whip
 y - the +7 flail of Armageddon {vorpal, *Slow Str+4 Stlth+}
   (You found it on level 4 of the Dungeon)

   It inflicts extra damage upon your enemies.
   Str:       It affects your strength (+4).
   *Slow:     It may slow you when you take damage.
   Stlth:     It makes you more stealthy.
Missiles
 c - 3 throwing nets
 k - an atropa-tipped dart (quivered)
 x - 3 poisoned darts
Armour
 a - a +0 robe (worn)
 b - a +0 hat (worn)
 f - a +0 cloak (worn)
Jewellery
 l - a ring of wizardry
 n - an amulet of faith
 B - an amulet of the acrobat (around neck)
Wands
 w - a wand of digging (6)
Scrolls
 d - 3 scrolls of amnesia {unknown}
 e - a scroll of fear {unknown}
 h - 2 scrolls of enchant weapon {unknown}
 i - 2 scrolls of magic mapping {unknown}
 m - 5 scrolls of identify {unknown}
 u - a scroll of silence {unknown}
 v - a scroll of enchant armour {unknown}
 z - 2 scrolls of teleportation {unknown}
 A - a scroll of fog {unknown}
Potions
 g - a potion of curing {unknown}
 p - a potion of brilliance {unknown}
 q - 2 potions of lignification {unknown}
 r - a potion of flight {unknown}
 s - a potion of haste {unknown}
 t - a potion of invisibility {unknown}


   Skills:
 - Level 1.5 Fighting
 - Level 1.8 Short Blades
 - Level 1.7 Throwing
 - Level 2.4 Dodging
 - Level 1.0 Stealth
 + Level 8.2 Unarmed Combat


You had 6 spell levels left.
You didn't know any spells.
Your spell library contained the following spells:

 Spells                   Type           Power      Damage    Failure   Level
 Confusing Touch          Hex            0%         N/A       83%         3
 Yara's Violent Unravell  Hex/Tmut       0%         3d3       100%        5
 Enfeeble                 Hex            0%         N/A       100%        7


Dungeon Overview and Level Annotations

Branches:
Dungeon (5/15)
 Temple: D:4-7

Altars:


Innate Abilities, Weirdness & Mutations

You are too large for most types of armour.
You have claws for hands.
Your natural rate of healing is unusually fast.
You are covered in fur. (AC +1)
You have tough skin. (AC +1)


Message History

You closely miss the howler monkey.
The howler monkey is severely wounded.
The howler monkey closely misses you.
You barely miss the howler monkey.
The howler monkey is severely wounded.
The howler monkey hits you but does no damage.
You claw the howler monkey!
You kill the howler monkey!
Your Unarmed Combat skill increases to level 8!
The hound skeleton completely misses you.
The hound skeleton misses you.
You scratch the hound skeleton.
The hound skeleton is lightly damaged.
The hound skeleton misses you.
The jelly jiggles.
You mangle the jelly!!
You kill the jelly!
Throw: 2 darts (atropa)
Press: ? - help, Q - select action, (/) - cycle Shift-Dir - straight line, f - troll
Aim: a troll (54% to hit, chance to blind on hit: 3%)
You throw an atropa-tipped dart. The atropa-tipped dart hits the troll.
The troll appears confused.
The troll bites you! The troll closely misses you. The troll claws you!
You catch the helpless troll completely off-guard!
You scratch the troll.
The troll is lightly wounded.
The troll completely misses you. The troll closely misses you. x2
You claw the troll!
The troll is heavily wounded.
The troll seems less confused.
The troll misses you. The troll claws you. x2
You scratch the troll but do no damage.
The troll is heavily wounded.
The troll bites you! The troll claws you.
* * * LOW HITPOINT WARNING * * *
The troll claws you!
* * * LOW HITPOINT WARNING * * *
You scratch the troll.
The troll is heavily wounded.
The troll barely misses you. The troll claws you!
You die...

#.....#### #.....# #.
#.....###### ...
#...........
#..##...........
#..##...........
#.##...........
#####..#....#######.#
..............ZT@...#
.......#....#########
............#
............#
............#
.....(......#
...#.........#
...#.........#
.............#


You could see a troll (blind) and a hound skeleton.

Vanquished Creatures
  An ogre (D:4)
  2 centaurs
  A scorpion (D:4)
  A howler monkey (D:5)
  2 hounds
  A jelly (D:5)
  2 iguanas
  A hound skeleton (D:4)
  7 gnolls
  6 adders
  6 worms
  3 dart slugs (D:2)
  10 orcs
  12 ball pythons
  3 bats
  4 endoplasms
  2 giant cockroaches (D:2)
  8 goblins
  8 hobgoblins
  3 jackals (D:1)
  2 quokkas
  A ball python skeleton (D:2)
  2 frilled lizards
  12 kobolds
  A rat (D:2)
101 creatures vanquished.

Notes
Turn   | Place    | Note
-------+----------+-------------------------------------------
     0 | D:1      | mcbry74 the Troll Gladiator began the quest for the Orb.
     0 | D:1      | Reached XP level 1. HP: 19/19 MP: 0/0
   208 | D:1      | Reached XP level 2. HP: 27/27 MP: 1/1
   772 | D:1      | Found a faded altar of an unknown god.
   835 | D:2      | Reached skill level 4 in Unarmed Combat
   921 | D:2      | Reached XP level 3. HP: 33/33 MP: 2/2
  1744 | D:2      | Reached skill level 1 in Short Blades
  1744 | D:2      | Reached XP level 4. HP: 31/41 MP: 3/3
  1933 | D:3      | Reached XP level 5. HP: 48/48 MP: 4/4
  2003 | D:3      | Reached skill level 1 in Stealth
  2003 | D:3      | Reached skill level 5 in Unarmed Combat
  2430 | D:4      | Noticed an ogre
  2439 | D:4      | Reached skill level 6 in Unarmed Combat
  2439 | D:4      | Reached XP level 6. HP: 35/55 MP: 5/5
  2670 | D:4      | Reached skill level 7 in Unarmed Combat
  2717 | D:4      | Identified the +7 flail of Armageddon {vorpal, *Slow Str+4
                  | Stlth+}
  2833 | D:4      | Reached XP level 7. HP: 62/62 MP: 6/6
  3100 | D:5      | Entered Level 5 of the Dungeon
  3305 | D:5      | Noticed a troll
  3323 | D:5      | Reached skill level 8 in Unarmed Combat
  3348 | D:5      | Slain by a troll

Illustrated notes

Levels and vault maps discovered:
D:1:      matt_arrival_spirals, layout_basic,
          shapermc_ecumenical_altar_hornbeckon, nicolae_figureground_pulse
D:2:      layout_basic, minmay_fractal_squares_gapless_5
D:3:      layout_basic, minmay_fractal_squares_5
D:4:      layout_basic
D:5:      layout_basic, hangedman_glass_teeth, minmay_chambers_of_fives,
          uniq_pikel

Skill      XL: |  1  2  3  4  5  6  7 |
---------------+----------------------+-----
Unarmed Combat | 4 6 7 8 |  8.2
Short Blades   | 1 |  1.8
Stealth        | 1 |  1.0
Fighting       | |  1.5
Throwing       | |  1.7
Dodging        | |  2.4

Action                   |  1- 3 |  4- 6 |  7- 9 || total
-------------------------+-------+-------+-------++-------
Melee: Unarmed           |    11 |   139 |    29 ||   179
       Dagger            |    89 |       |       ||    89
       Punch             |     5 |     3 |     1 ||     9
Throw: Dart              |     2 |       |     1 ||     3
 Stab: Sleeping          |     2 |       |       ||     2
       Invisible         |     1 |       |     1 ||     2
Armor: Robe              |    27 |    30 |     7 ||    64
Dodge: Dodged            |    39 |    52 |    26 ||   117
